 Dungeon Crawl Stone Soup version 0.31-a0-826-ga5cc291a1b (webtiles) character file.

Game seed: 8188808271894135930

182 qw the Shooter (level 5, -5/32 HPs)
             Began as a Gargoyle Hunter on Sept 23, 2023.
             Slain by Menkaure (11 damage)
             ... on level 4 of the Dungeon.
             The game lasted 00:00:56 (2558 turns).

qw the Shooter (Gargoyle Hunter)                    Turns: 2558, Time: 00:00:57

Health: -5/32      AC: 10    Str: 15    XL:     5   Next: 62%
Magic:  5/5        EV: 11    Int:  9    God:
Gold:   214        SH:  0    Dex: 15    Spells: 4/4 levels left

rFire   . . .        Y - +0 shortbow
rCold   . . .        (shield currently unavailable)
rNeg    + . .        c - +0 leather armour
rPois   inf          a - +0 helmet
rElec   +            (no cloak)
rCorr   .            f - +0 pair of gloves
SInv    .            b - +0 pair of boots
Will    +....        (no amulet)
Stlth   ++           d - ring of willpower
HPRegen 0.25/turn    (no ring)
MPRegen 0.09/turn

%: no passive effects
@: no status effects
A: sickness immunity, AC +4, negative energy resistance 1, electricity
resistance, torment resistance 1, petrification resistance
a: no special abilities


You were on level 4 of the Dungeon.
You visited 1 branch of the dungeon, and saw 4 of its levels.

You collected 214 gold pieces.


Innate Abilities, Weirdness & Mutations

You are immune to sickness and miasma.
Your stone body is resilient. (AC +4)
You are immune to poison.
You resist negative energy. (rN+)
You are resistant to electric shocks. (rElec)
You are resistant to unholy torment.
You are immune to petrification.


   Skills:
 - Level 3.6 Fighting
 + Level 5.9 Ranged Weapons
 - Level 1.1 Armour
 - Level 1.5 Dodging
 - Level 1.1 Stealth


You had 4 spell levels left.
You didn't know any spells.
Your spell library was empty.

Inventory:

Hand Weapons
 Y - a +0 shortbow (weapon)
Armour
 a - a +0 helmet (worn)
 b - a +0 pair of boots (worn)
 c - a +0 leather armour (worn)
 f - a +0 pair of gloves (worn)
Jewellery
 d - a ring of willpower (left hand)
Scrolls
 h - a scroll of teleportation {unknown}
 i - 3 scrolls of identify {unknown}
Potions
 e - a potion of curing {unknown}
 g - a potion of might {unknown}

Dungeon Overview and Level Annotations

Branches:
Dungeon (4/15)
 Temple: D:4-7

Altars:
Ashenzari
Dithmenos
Elyvilon

Annotations:
D:4 Menkaure


Message History

Your body is wracked with pain!
You shoot an arrow.
The arrow hits Menkaure but does no damage.
Menkaure is moderately damaged.
A quokka comes into view.
You shoot an arrow. The arrow hits Menkaure!
Menkaure is severely damaged.
You shoot an arrow. The arrow hits Menkaure.
Menkaure is severely damaged.
Menkaure calls on the powers of darkness!
The quokka convulses!
Your body is wracked with pain!
You shoot an arrow. The arrow hits Menkaure.
Menkaure is almost destroyed.
You shoot an arrow.
The arrow hits Menkaure but does no damage.
Menkaure is almost destroyed.
You shoot an arrow. The arrow barely misses Menkaure.
You shoot an arrow. The arrow hits Menkaure.
Menkaure is almost destroyed.
The quokka bites you but does no damage.
The quokka barely misses you.
You shoot an arrow. The arrow hits Menkaure.
Menkaure is almost destroyed.
Menkaure mumbles some strange words.
Menkaure seems to speed up.
The quokka misses you.
You shoot an arrow.
The arrow hits Menkaure but does no damage.
Menkaure is almost destroyed.
Menkaure hits you! The quokka misses you.
Menkaure calls on the powers of darkness!
Your body is wracked with pain!
You shoot an arrow. The arrow barely misses Menkaure.
The quokka closely misses you. Menkaure hits you.
The quokka closely misses you.
You shoot an arrow. The arrow barely misses Menkaure.
Menkaure calls on the powers of darkness!
You feel a surge of unholy energy. The quokka barely misses you.
You shoot an arrow. The arrow closely misses Menkaure.
Menkaure breathes soot at you. Menkaure closely misses you.
The quokka barely misses you. Menkaure hits you!
You die...

### ..# ..#####
#..#..# ###
#.....###.##
......##...# #####
.......<...####...#
.............##%..###
................@...#
............##..rM..#
^....##....#####....#
...#####...# ......#
..## ##.## ..#..##
..# #.# .....## .##
.. .....# .# ##
....... .##


You could see Menkaure (fast) and a quokka.

Vanquished Creatures
  Terence (D:2)
  Natasha (D:2)
  Robin (D:2)
  4 adders
  3 worms
  2 dart slugs
  An orc (D:3)
  6 endoplasms
  5 giant cockroaches
  10 goblins
  7 hobgoblins
  4 jackals (D:1)
  A quokka (D:3)
  6 ball pythons
  10 bats
  2 frilled lizards (D:2)
  3 kobolds
  3 rats
70 creatures vanquished.

Notes
Turn   | Place    | Note
-------+----------+-------------------------------------------
     0 | D:1      | qw the Gargoyle Hunter began the quest for the Orb.
     0 | D:1      | Reached XP level 1. HP: 12/12 MP: 1/1
     0 | D:1      | 0 ||| qw: Version: 0.3-a-83-gcd0e7d8
     0 | D:1      | 0 ||| qw: Game counter: 1897
     0 | D:1      | 0 ||| qw: Melee chars always use a shield: true
     0 | D:1      | 0 ||| qw: God list: Okawaru
     0 | D:1      | 0 ||| qw: Allow faded altars: false
     0 | D:1      | 0 ||| qw: Do Orc after clearing Dungeon:15 true
     0 | D:1      | 0 ||| qw: Do second Lair branch before Depths: true
     0 | D:1      | 0 ||| qw: Lair rune preference: random
     0 | D:1      | 0 ||| qw: Goals: Normal
     0 | D:1      | 0 ||| PLANNING D:1-11
    33 | D:1      | Reached XP level 2. HP: 16/17 MP: 2/2
   163 | D:1      | HP: 3/17 [ball python (3)]
   536 | D:1      | Reached XP level 3. HP: 21/21 MP: 3/3
   732 | D:1      | 732 ||| UPGRADING to ring of willpower.
   733 | D:1      | 733 ||| READING scroll labelled NULUCA INTAMYH.
   734 | D:1      | 734 ||| READING scroll labelled OTROEF XIY.
   735 | D:1      | 735 ||| DROPPING scroll of butterflies.
   760 | D:2      | Reached skill level 5 in Ranged Weapons
   769 | D:2      | 769 ||| STAIRDANCE
  1118 | D:2      | Noticed Terence
  1124 | D:2      | Killed Terence
  1125 | D:2      | Reached skill level 3 in Fighting
  1125 | D:2      | Reached XP level 4. HP: 27/28 MP: 4/4
  1337 | D:2      | Noticed Natasha
  1340 | D:2      | Killed Natasha
  1457 | D:2      | 1457 ||| UPGRADING to +0 pair of boots.
  1462 | D:2      | 1462 ||| READING scroll labelled SESCHU CORU.
  1463 | D:2      | 1463 ||| READING scroll labelled KEULYST RISHOYFUG.
  1464 | D:2      | 1464 ||| READING scroll labelled YNEKKAI EMIUSE.
  1486 | D:3      | Noticed Robin
  1487 | D:3      | 1487 ||| STAIRDANCE
  1560 | D:3      | 1560 ||| STAIRDANCE
  1570 | D:2      | Killed Robin
  1571 | D:2      | Reached XP level 5. HP: 17/32 MP: 5/5
  1636 | D:2      | 1636 ||| UPGRADING to +0 helmet.
  1644 | D:3      | 1644 ||| STAIRDANCE
  1675 | D:3      | Found a broken altar of Ashenzari.
  1875 | D:3      | Reached skill level 1 in Armour
  2142 | D:3      | Found a faded altar of an unknown god.
  2196 | D:3      | Found a shadowy altar of Dithmenos.
  2475 | D:3      | 2475 ||| UPGRADING to +0 pair of gloves.
  2480 | D:3      | 2480 ||| READING scroll labelled LIGHIZAKUAR.
  2496 | D:4      | Found a white marble altar of Elyvilon.
  2544 | D:4      | Noticed Menkaure
  2556 | D:4      | HP: 5/32 [Menkaure (4)]
  2558 | D:4      | Slain by Menkaure

Levels and vault maps discovered:
D:1:      wheals_arrival_shading, layout_loops_ring
D:2:      layout_loops_ring, minmay_close_crescents, uniq_natasha, uniq_terence
D:3:      layout_loops_corners, mainiacjoe_overflow_concentric_impassable,
          grunt_dithmenos_smoke, hellmonk_ecumenical_altar_run_dry, uniq_robin
D:4:      layout_cave_pools, elyvilon_altar_4, uniq_menkaure

Skill      XL: |  1  2  3  4  5 |
---------------+----------------+-----
Ranged Weapons | 5 |  5.9
Fighting       | 3 |  3.6
Armour         | 1 |  1.1
Dodging        | |  1.5
Stealth        | |  1.1

Action                     |  1- 3 |  4- 6 || total
---------------------------+-------+-------++-------
   Fire: Shortbow          |   126 |   118 ||   244
    Use: Scroll            |     2 |     4 ||     6
 Armour: Leather armour    |    40 |    50 ||    90
  Dodge: Dodged            |    42 |    52 ||    94

Table legend:
 A = Non-vault XP
 B = Vault XP
 C = Vault XP percentage of total XP
 D = Non-vault monster count
 E = Vault monster count
 F = Vault count percentage of total count
                 A         B        C        D         E       F
            +---------+---------+-------+---------+---------+-------
      Total |     155 |     106 |  40.6 |      58 |      12 |  17.1
            +---------+---------+-------+---------+---------+-------
        D:1 |      42 |       0 |   0.0 |      22 |       0 |   0.0
        D:2 |      40 |     102 |  71.8 |      17 |      10 |  37.0
        D:3 |      69 |       4 |   5.5 |      17 |       2 |  10.5
        D:4 |       4 |       0 |   0.0 |       2 |       0 |   0.0
            +---------+---------+-------+---------+---------+-------
